 Dungeon Crawl Stone Soup version 0.31-a0-360-gb3e1d13bf4 (webtiles) character file.

Game seed: 10935596251588151460

23 Newt the Ruffian (level 2, -1/39 HPs)
             Began as a Draconian Shapeshifter on July 26, 2023.
             Slain by Terence
             ... wielding a +0 hand axe
              (4 damage)
             ... on level 2 of the Dungeon.
             The game lasted 00:00:55 (835 turns).

Newt the Ruffian (Draconian Shapeshifter)            Turns: 835, Time: 00:00:56

Health: -1/39      AC: 21    Str: 17    XL:     2   Next: 75%
Magic:  2/2        EV:  2    Int:  8    God:
Gold:   26         SH:  0    Dex: 11    Spells: 1/1 levels left

rFire   . . .        e - +0 whip
rCold   . . .        (no shield)
rNeg    . . .        (body armour unavailable)
rPois   +            (helmet currently unavailable)
rElec   .            (cloak currently unavailable)
rCorr   .            (gloves currently unavailable)
SInv    .            (boots currently unavailable)
Will    .....        (no amulet)
Stlth   +            (no ring)
HPRegen 0.26/turn    (no ring)
MPRegen 0.08/turn

%: no passive effects
@: mighty, tree-form
A: stationary, stasis, torment immunity, boosted hp, AC +4, unfitting armour,
(cold-blooded)
a: no special abilities


You were on level 2 of the Dungeon.
You were a tree.
You visited 1 branch of the dungeon, and saw 2 of its levels.

You collected 26 gold pieces.

Inventory:

Hand Weapons
 e - a +0 whip (weapon)
Missiles
 d - 5 javelins
Talismans
 b - a beast talisman


   Skills:
 - Level 3.0 Fighting
 - Level 1.7 Dodging
 - Level 3.0 Unarmed Combat
 + Level 3.0 Shapeshifting


You had one spell level left.
You didn't know any spells.
Your spell library was empty.

Dungeon Overview and Level Annotations

Branches:
Dungeon (2/15)

Altars:

Annotations:
D:2 Terence


Innate Abilities, Weirdness & Mutations

You are a tree.
Your roots penetrate the ground, keeping you stationary.
You cannot be teleported.
You are immune to unholy pain and torment.
Your maximum health is greatly increased.
Your equipment is partially melded.
((Your plain brown scales are hard. (AC +4)))
You cannot fit into any form of body armour.
((You are cold-blooded and may be slowed by cold attacks.))


Message History

Terence hits you with a +0 hand axe.
* * * LOW HITPOINT WARNING * * *
Unknown command.
Really quaff the potion of lignification?
Your transformation has ended.
You turn into a tree.
Your roots penetrate the ground.
Terence completely misses you.
Unknown command.
You hit Terence but do no damage.
Terence is lightly wounded.
Terence hits you but does no damage.
You hit Terence but do no damage.
Terence is lightly wounded.
Terence hits you with a +0 hand axe.
* * * LOW HITPOINT WARNING * * *
Terence hits you with a +0 hand axe.
* * * LOW HITPOINT WARNING * * *
You barely miss Terence.
Terence is lightly wounded.
Terence hits you but does no damage.
You hit Terence but do no damage.
Terence is lightly wounded.
Terence hits you but does no damage.
You hit Terence but do no damage.
Terence is lightly wounded.
Terence hits you with a +0 hand axe.
* * * LOW HITPOINT WARNING * * *
You hit Terence but do no damage.
Terence is lightly wounded.
Terence hits you with a +0 hand axe.
* * * LOW HITPOINT WARNING * * *
You feel very mighty all of a sudden. Terence hits you but does no damage.
You hit Terence.
Terence is moderately wounded.
Terence hits you but does no damage.
You hit Terence.
Terence is heavily wounded.
Terence hits you with a +0 hand axe.
You die...

######### #.......#
.#.......#
.........##############
#.......##..<@♣.......
#.......##.#.###......
#............# .[...
#.###.....### ....
#..#.### ... ....##.#
.. ...... ..# #
#.#...##### #.....


You could see Terence.

Vanquished Creatures
  An adder (D:2)
  A ball python (D:2)
  2 bats
  2 endoplasms (D:1)
  2 quokkas
  A goblin (D:1)
  3 kobolds
  A rat (D:1)
13 creatures vanquished.

Notes
Turn   | Place    | Note
-------+----------+-------------------------------------------
     0 | D:1      | Newt the Draconian Shapeshifter began the quest for the
                  | Orb.
     0 | D:1      | Reached XP level 1. HP: 16/16 MP: 1/1
   709 | D:1      | Reached XP level 2. HP: 25/25 MP: 2/2
   798 | D:2      | Noticed Terence
   835 | D:2      | Slain by Terence

Illustrated notes

Levels and vault maps discovered:
D:1:      zaba_arrival_water, layout_loops_ring, serial_glass, glass_columns_b,
          glass_columns_a
D:2:      layout_basic, basic_altar, uniq_terence

Skill      XL: |  1  2 |
---------------+-------+-----
Fighting       | 2 3 |  3.0
Dodging        | |  1.7
Unarmed Combat | |  3.0
Shapeshifting  | |  3.0

Action                     || total
---------------------------++-------
  Melee: Whip              ||    56
         Unarmed           ||    10
         Punch             ||     1
         Tailslap          ||     4
    Use: Scroll            ||     3
         Potion            ||     2
 Armour: Skin              ||    34
  Dodge: Dodged            ||    57

Table legend: (Time is in decaauts)
 A = Elapsed time spent in this place.
 B = Non-inter-level travel time spent in this place.
 C = Inter-level travel time spent in this place.
 D = Time resting spent in this place.
 E = Time spent auto-exploring this place.
 F = Levels seen in this place.
 G = Mean time per level.
                   A        B        C        D        E       F      G
               +--------+--------+--------+--------+--------+-----+--------+
         Total |    846 |    806 |     40 |     40 |    628 |   2 |  423.0 |
       Dungeon |    846 |    806 |     40 |     40 |    628 |   2 |  423.0 |
               +--------+--------+--------+--------+--------+-----+--------+

Top non-repeatable levels by time:
     D:1: 785 daAuts
     D:2: 61 daAuts
